Selects Airborne Battlegroup
Selects Heavy Machine Gun Paradrop
Heavy Machine Gun Paradrop
Mechanized Support Center
Heavy Machine Gun Paradrop
Construct Weapon Support Center
Selects Paratrooper Squad Paradrop
Paratrooper Squad Paradrop
M3 Armored Personnel Carrier
Construct Medical Station
Paratrooper Squad Paradrop
M3 75 mm Gun Motor Carriage
Designate Forward Repair Station
Improved M9 Bazooka Rockets
Selects Carpet Bombing Run
M4A1(76) Sherman Medium Tank
Paratrooper Squad Paradrop
M4A1(76) Sherman Medium Tank
Selects Anti-tank Gun Team Paradrop
Selects Anti-tank Gun Team Paradrop